[ AOE2 MATCH · #494044743 ]
UnrankedKoreans vs Khmer
Player's team · WIN
Rival team · LOSS
[ REPLAY ANALYSIS · EXTRACTED FROM THE RECORDED GAME ]
Feudal
10:19
Castle
25:17
Imperial
—
| APM avg | 26.9 |
| APM peak | 84 |
| eAPM avg | 14.4 |
| Villagers / military | 43 / 45 |
Focus
⚔️ 30.5% · 🌾 69.5%
Spearman ×26 · Archer ×15 · Battering Ram ×3 · Iron Pagoda ×1
Feudal
9:01
Castle
25:23
Imperial
—
| APM avg | 22.5 |
| APM peak | 82 |
| eAPM avg | 13.6 |
| Villagers / military | 71 / 21 |
Focus
⚔️ 12.9% · 🌾 87.1%
Skirmisher ×10 · Scout Cavalry ×5 · Knight ×4 · Mangonel ×2
Match map
Initial resources + every placement click. Lines = walls · curves = elevation contours. ◆ gold · ⬟ stone · ● berries · ✦ relic · ◌ wall gap
Your base· Open — opponent sealed themselves in
jackgiacomo's base· ✓ Closed at 25:23 · 54t walls · no gate
Smoothed initial terrain · ◌ = detected wall gap · hover for details
Inputs per minute
— Disagri - - jackgiacomo
Build order — Disagri
125 actions detected in the replay
| 0:01 | Create | Villager (Male) |
| 0:01 | Create | Villager (Male) |
| 0:02 | Build | House |
| 0:04 | Build | House |
| 0:56 | Create | Villager (Male) |
| 0:56 | Create | Villager (Male) |
| 1:30 | Create | Villager (Male) |
| 1:34 | Research | Loom |
| 1:35 | Create | Villager (Male) |
| 2:04 | Create | Villager (Male) |
| 2:05 | Create | Villager (Male) |
| 2:23 | Create | Villager (Male) |
| 2:23 | Create | Villager (Male) |
| 3:22 | Create | Villager (Male) |
| 3:34 | Build | House |
| 3:39 | Build | Lumber Camp |
| 3:48 | Create | Villager (Male) |
| 3:49 | Create | Villager (Male) |
| 4:18 | Create | Villager (Male) |
| 5:03 | Create | Villager (Male) |
| 5:03 | Create | Villager (Male) |
| 5:12 | Build | Mill |
| 5:22 | Create | Villager (Male) |
| 5:22 | Create | Villager (Male) |
| 5:22 | Create | Villager (Male) |
| 6:05 | Build | House |
| 6:53 | Create | Villager (Male) |
| 6:53 | Create | Villager (Male) |
| 7:40 | Build | Mining Camp |
| 7:44 | Create | Villager (Male) |
| 8:00 | Research | Feudal Age |
| 8:00 | Research | Feudal Age |
| 8:13 | Build | Mining Camp |
| 9:31 | Build | Barracks |
| 10:19 | Age | Feudal Age |
| 10:34 | Build | Archery Range |
| 10:45 | Create | Spearman |
| 10:47 | Create | Spearman |
| 11:23 | Build | Blacksmith |
| 11:28 | Build | House |
| 11:29 | Create | Archer |
| 11:29 | Create | Archer |
| 11:49 | Create | Villager (Male) |
| 11:49 | Create | Villager (Male) |
| 11:50 | Create | Villager (Male) |
| 11:50 | Create | Villager (Male) |
| 11:55 | Build | House |
| 13:01 | Create | Archer |
| 13:01 | Create | Archer |
| 13:04 | Create | Spearman |
| 13:36 | Build | Watch Tower |
| 14:20 | Create | Spearman |
| 14:20 | Create | Spearman |
| 14:55 | Create | Archer |
| 14:55 | Create | Archer |
| 14:56 | Create | Spearman |
| 14:56 | Create | Spearman |
| 15:01 | Build | Farm |
| 15:01 | Build | Farm |
| 15:01 | Build | Farm |
| 15:05 | Build | Farm |
| 15:06 | Build | Farm |
| 15:06 | Build | Farm |
| 15:13 | Build | Barracks |
| 15:44 | Research | Scale Mail Armor |
| 16:03 | Build | House |
| 16:08 | Build | House |
| 16:16 | Create | Spearman |
| 16:16 | Create | Spearman |
| 16:16 | Create | Spearman |
| 17:03 | Build | Watch Tower |
| 17:18 | Create | Villager (Male) ×4 |
| 17:21 | Build | Farm |
| 17:21 | Build | Farm |
| 17:21 | Build | Farm |
| 17:26 | Build | Farm |
| 17:30 | Create | Villager (Male) |
| 17:34 | Build | Farm |
| 17:38 | Create | Archer |
| 17:38 | Create | Archer |
| 17:38 | Create | Archer |
| 18:45 | Build | Watch Tower |
| 18:57 | Create | Archer ×5 |
| 19:23 | Create | Villager (Male) ×5 |
| 19:25 | Build | Farm |
| 19:26 | Build | Farm |
| 19:26 | Build | Farm |
| 19:26 | Build | Farm |
| 20:02 | Build | House |
| 20:04 | Build | House |
| 20:39 | Build | Lumber Camp |
| 22:37 | Research | Castle Age |
| 23:29 | Build | Watch Tower |
| 23:41 | Research | Gold Mining |
| 23:43 | Create | Villager (Male) |
| 23:44 | Create | Villager (Male) |
| 23:45 | Research | Double-Bit Axe |
| 23:51 | Build | Lumber Camp |
| 24:37 | Build | Mining Camp |
| 24:55 | Research | Fletching |
| 25:08 | Create | Spearman ×5 |
| 25:10 | Create | Spearman ×3 |
| 25:17 | Age | Castle Age |
| 25:45 | Research | Bodkin Arrow |
| 25:45 | Research | Bodkin Arrow |
| 25:54 | Build | Siege Workshop |
| 26:20 | Create | Archer |
| 26:33 | Build | House |
| 26:35 | Create | Villager (Male) |
| 26:35 | Create | Villager (Male) |
| 26:36 | Create | Villager (Male) |
| 26:36 | Create | Villager (Male) |
| 26:40 | Build | House |
| 27:13 | Create | Villager (Male) |
| 27:30 | Create | Iron Pagoda |
| 27:37 | Create | Battering Ram |
| 28:17 | Create | Battering Ram |
| 28:42 | Research | Bow Saw |
| 28:58 | Research | Pikeman (upgrade) |
| 29:05 | Create | Spearman |
| 29:05 | Create | Spearman |
| 29:05 | Create | Spearman |
| 29:10 | Research | Forging |
| 29:48 | Create | Spearman ×5 |
| 30:04 | Create | Battering Ram |
Build order — jackgiacomo
First 150 of 169 actions detected
| 0:01 | Create | Villager (Male) |
| 0:01 | Create | Villager (Male) |
| 0:02 | Create | Villager (Male) |
| 0:02 | Create | Villager (Male) |
| 0:02 | Create | Villager (Male) |
| 0:04 | Build | House |
| 0:08 | Build | House |
| 1:27 | Create | Villager (Male) |
| 1:27 | Create | Villager (Male) |
| 1:55 | Build | Lumber Camp |
| 2:00 | Create | Villager (Male) |
| 2:01 | Create | Villager (Male) |
| 2:27 | Create | Villager (Male) |
| 2:27 | Create | Villager (Male) |
| 2:27 | Create | Villager (Male) |
| 2:51 | Create | Villager (Male) |
| 2:51 | Create | Villager (Male) |
| 3:04 | Create | Villager (Male) |
| 3:04 | Create | Villager (Male) |
| 3:36 | Create | Villager (Male) |
| 3:47 | Create | Villager (Male) |
| 3:47 | Create | Villager (Male) |
| 3:47 | Create | Villager (Male) |
| 4:01 | Build | House |
| 4:30 | Create | Villager (Male) |
| 4:30 | Create | Villager (Male) |
| 4:31 | Create | Villager (Male) |
| 4:31 | Create | Villager (Male) |
| 4:35 | Build | Mill |
| 5:14 | Create | Villager (Male) |
| 5:36 | Create | Villager (Male) |
| 5:49 | Research | Loom |
| 6:51 | Research | Feudal Age |
| 7:25 | Create | Villager (Male) |
| 7:26 | Create | Villager (Male) |
| 8:10 | Build | House |
| 8:12 | Build | House |
| 9:01 | Age | Feudal Age |
| 9:04 | Research | Double-Bit Axe |
| 9:09 | Build | Stable |
| 9:14 | Build | House |
| 9:16 | Create | Villager (Male) |
| 9:26 | Build | Palisade Wall |
| 9:43 | Build | Palisade Wall |
| 9:46 | Build | Palisade Wall |
| 9:49 | Build | Palisade Wall |
| 9:56 | Create | Villager (Male) |
| 9:57 | Create | Villager (Male) |
| 9:58 | Create | Scout Cavalry ×2 |
| 10:25 | Build | Mill |
| 10:36 | Create | Scout Cavalry |
| 11:13 | Create | Villager (Male) |
| 11:13 | Create | Villager (Male) |
| 11:14 | Create | Villager (Male) |
| 11:20 | Build | House |
| 11:22 | Build | House |
| 11:30 | Build | Palisade Wall |
| 11:40 | Build | House |
| 12:06 | Build | Farm |
| 12:07 | Build | Farm |
| 12:07 | Build | Farm |
| 12:07 | Build | Farm |
| 12:07 | Build | Farm |
| 12:08 | Build | Farm |
| 12:08 | Build | Farm |
| 12:29 | Create | Scout Cavalry |
| 12:33 | Create | Villager (Male) |
| 12:33 | Create | Villager (Male) |
| 12:46 | Build | Palisade Wall |
| 13:40 | Build | House |
| 14:12 | Build | Mining Camp |
| 14:14 | Create | Villager (Male) |
| 14:14 | Create | Villager (Male) |
| 14:14 | Create | Villager (Male) |
| 14:14 | Create | Villager (Male) |
| 14:32 | Create | Villager (Male) |
| 14:32 | Create | Villager (Male) |
| 14:32 | Create | Villager (Male) |
| 14:33 | Create | Villager (Male) |
| 15:08 | Build | Farm |
| 15:09 | Build | Farm |
| 15:17 | Build | Lumber Camp |
| 15:27 | Create | Villager (Male) |
| 15:27 | Create | Villager (Male) |
| 15:56 | Build | Farm |
| 15:57 | Build | Farm |
| 16:29 | Build | Archery Range |
| 16:35 | Create | Villager (Male) |
| 16:35 | Create | Villager (Male) |
| 16:41 | Build | House |
| 17:00 | Create | Skirmisher |
| 17:00 | Create | Skirmisher |
| 17:00 | Create | Skirmisher |
| 17:18 | Build | Farm |
| 17:18 | Build | Farm |
| 17:19 | Build | Farm |
| 17:19 | Build | Farm |
| 17:19 | Build | Farm |
| 17:19 | Build | Farm |
| 17:20 | Build | Farm |
| 17:49 | Create | Scout Cavalry |
| 18:04 | Create | Villager (Male) |
| 18:05 | Create | Villager (Male) |
| 18:05 | Create | Villager (Male) |
| 18:40 | Create | Skirmisher ×5 |
| 18:57 | Create | Villager (Male) |
| 18:57 | Create | Villager (Male) |
| 18:57 | Create | Villager (Male) |
| 19:11 | Create | Villager (Male) |
| 19:18 | Build | House |
| 19:32 | Create | Villager (Male) |
| 19:32 | Create | Villager (Male) |
| 19:38 | Build | Farm |
| 19:39 | Build | Farm |
| 19:39 | Build | Farm |
| 19:39 | Build | Farm |
| 19:40 | Build | Farm |
| 19:40 | Build | Farm |
| 19:40 | Build | Farm |
| 19:40 | Build | Farm |
| 19:48 | Build | Farm |
| 19:48 | Build | Farm |
| 19:48 | Build | Farm |
| 19:48 | Build | Farm |
| 19:48 | Build | Farm |
| 19:49 | Build | Farm |
| 19:49 | Build | Farm |
| 19:49 | Build | Farm |
| 19:50 | Build | Farm |
| 20:41 | Build | House |
| 20:43 | Build | House |
| 20:50 | Create | Villager (Male) |
| 20:50 | Create | Villager (Male) |
| 21:49 | Create | Villager (Male) |
| 21:50 | Create | Villager (Male) |
| 21:50 | Create | Villager (Male) |
| 22:06 | Create | Skirmisher ×2 |
| 22:43 | Research | Castle Age |
| 22:46 | Create | Villager (Male) |
| 23:04 | Build | Stable |
| 23:08 | Research | Bloodlines |
| 23:16 | Build | Blacksmith |
| 23:18 | Build | House |
| 23:18 | Build | House |
| 23:18 | Build | House |
| 23:19 | Build | House |
| 23:19 | Build | House |
| 23:21 | Create | Villager (Male) |
| 23:22 | Create | Villager (Male) |
| 24:07 | Research | Scale Barding Armor |
Match timeline
| 9:01 | jackgiacomo · age_up feudal |
| 9:09 | jackgiacomo · first_building Stable |
| 9:26 | jackgiacomo · wall_segment Palisade Wall x10 |
| 9:31 | Disagri · first_building Barracks |
| 9:43 | jackgiacomo · wall_segment Palisade Wall x4 |
| 9:46 | jackgiacomo · wall_segment Palisade Wall x13 |
| 9:49 | jackgiacomo · wall_segment Palisade Wall x1 |
| 10:19 | Disagri · age_up feudal |
| 10:34 | Disagri · first_building Archery Range |
| 11:30 | jackgiacomo · wall_segment Palisade Wall x13 |
| 12:46 | jackgiacomo · wall_segment Palisade Wall x13 |
| 16:29 | jackgiacomo · first_building Archery Range |
| 25:17 | Disagri · age_up castle |
| 25:23 | jackgiacomo · age_up castle |
| 25:30 | jackgiacomo · first_building Siege Workshop |
| 25:54 | Disagri · first_building Siege Workshop |
| 28:05 | jackgiacomo · first_market_sell 100 food |
| 30:07 | jackgiacomo · resign |
[ AI ANALYSIS · 1 CREDIT ]
What really happened in this match?
Wolo.gg analyzes every decision: build order, eco, micro, common mistakes by bracket. Personalized analysis on WhatsApp or Discord in 30 seconds.
Civ guide
Koreans
Perfil
Disagri